Map: Abyssal Reef LE

Players

LiquidTLO (TLO) - Winner!

  • Race: Zerg Zerg
  • Spawn Location: 11:00

Lambo

  • Race: Zerg Zerg
  • Spawn Location: 5:00

Event: IEM XI Katowice - World Championship 2017

VOD

Have the link to the VOD?

Description

Time

  • Played on: Feb. 27, 2017, 7:15 a.m.
  • Length: 9:50

All games in this series

Show
View Real Time Build Order
Export as new Build Order

LiquidTLO Zerg - Winner!

Build Orders: Hatch First 

Get SALT Encoding   

  12  0:00  Drone  
  13  0:12  Overlord  
  13  0:17  Drone  
  14  0:30  Drone  
  14  0:31  Drone  
  14  0:35  Drone  
  17  0:52  Hatchery  
  17  0:55  Drone  
  17  0:59  Drone  
  17  1:03  Extractor  
  17  1:15  Spawning Pool  
  17  1:18  Drone  
  17  1:20  Drone  
  18  1:28  Drone  
  19  1:38  Overlord  
  19  1:55  Drone  
  20  2:01  Queen  
  20  2:02  Metabolic Boost, Zergling x2  
  20  2:06  Queen  
  25  2:10  Drone  
  26  2:16  Zergling x2  
  26  2:18  Drone  
  28  2:25  Drone  
  28  2:28  Drone  
  30  2:38  Hatchery  
  30  2:40  Drone  
  30  2:43  Drone  
  31  2:49  Zergling x2  
  32  2:55  Baneling Nest  
  32  2:56  Overlord  
  32  2:57  Drone  
  32  3:01  Drone  
  32  3:10  Queen  
  33  3:14  Drone  
  33  3:17  Drone  
  33  3:18  Zergling x4, Drone  
  38  3:20  Zergling x2  
  38  3:22  Drone  
  38  3:24  Zergling x2  
  41  3:30  Zergling x4  
  43  3:37  Zergling x2  
  43  3:42  Baneling x3  
  43  3:46  Overlord  
  43  3:49  Zergling x2, Queen  
  46  3:56  Drone x2  
  46  3:59  Drone  
  46  4:02  Drone  
  49  4:04  Drone  
  49  4:05  Drone x2  
  51  4:10  Baneling  
  51  4:11  Drone  
  51  4:12  Drone  
  52  4:17  Zergling x2, Drone  
  52  4:19  Baneling x2, Drone  
  52  4:20  Drone  
  56  4:24  Evolution Chamber  
  56  4:25  Extractor  
  56  4:27  Roach Warren  
  53  4:33  Zergling x2  
  53  4:35  Zergling x4  
  53  4:37  Drone x2  
  58  4:43  Zergling x2  
  57  4:48  Overlord x2  
  57  4:51  Zerg Missile Weapons Level 1  
  56  4:54  Overlord  
  56  4:57  Drone  
  57  5:01  Overlord  
  57  5:06  Drone x7  
  64  5:11  Lair  
  64  5:18  Roach x2  
  64  5:19  Drone  
  64  5:20  Drone  
  69  5:23  Roach  
  69  5:28  Drone x2  
  69  5:29  Roach  
  69  5:31  Roach  
  72  5:37  Extractor  
  72  5:38  Roach  
  72  5:41  Roach  
  72  5:42  Zergling x2  
  76  5:45  Extractor  
  76  5:46  Roach  
  77  5:54  Drone  
  77  5:55  Roach  
  77  5:56  Roach  
  82  5:59  Drone x2  
  82  6:00  Overlord  
  82  6:02  Drone  
  86  6:04  Drone x4  
  86  6:05  Drone  
  86  6:06  Drone  
  86  6:07  Drone x2  
  86  6:08  Drone  
  86  6:09  Drone x2  
  89  6:12  Drone  
  90  6:19  Overlord, Extractor  
  90  6:20  Extractor, Drone  
  90  6:21  Overlord  
  90  6:23  Drone  
  90  6:24  Spire  
  88  6:27  Drone  
  88  6:28  Overlord  
  88  6:31  Glial Reconstitution  
  89  6:33  Drone  
  89  6:34  Roach  
  89  6:38  Roach  
  94  6:41  Roach  
  94  6:43  Baneling x2  
  94  6:45  Roach  
  94  6:46  Roach  
  100  6:50  Overlord  
  100  6:51  Roach  
  102  6:55  Roach  
  102  6:56  Hatchery  
  102  6:59  Roach, Drone  
  102  7:00  Roach x2  
  110  7:02  Roach  
  110  7:04  Zerg Missile Weapons Level 2  
  111  7:10  Drone  
  111  7:12  Drone  
  111  7:13  Drone  
  111  7:14  Drone  
  115  7:17  Unknown, Overlord  
  115  7:25  Overlord  
  115  7:30  Drone  
  115  7:32  Overlord x2, Drone  
  117  7:37  Mutalisk x5  
  117  7:40  Overlord x2  
  117  7:41  Overlord  
  117  7:44  Mutalisk  
  127  7:48  Drone  
  127  7:49  Drone x2  
  132  7:52  Roach  
  132  7:53  Roach x3  
  132  7:55  Roach  
  132  7:57  Roach  
  144  7:59  Roach  
  144  8:02  Roach x2  
  144  8:04  Roach x2  
  154  8:06  Roach  
  154  8:12  Roach x3  
  162  8:14  Roach x2  
  162  8:16  Roach  
  168  8:23  Overlord, Roach x2  
  172  8:32  Roach x4  
  180  8:35  Overlord x2  
  180  8:38  Overlord  
  180  8:43  Overlord, Roach x2  
  180  8:44  Overlord x2  
  184  9:01  Ravager x8  
  184  9:02  Evolution Chamber  
  191  9:11  Spore Crawler  
  190  9:19  Roach  
  190  9:20  Roach  
  190  9:22  Roach x2  
  195  9:26  Roach  
  195  9:29  Roach x2  
Show
View Real Time Build Order
Export as new Build Order

Lambo Zerg 

Build Orders: Hatch First, Zergling Baneling 

Get SALT Encoding   

  12  0:00  Drone  
  13  0:13  Overlord  
  13  0:18  Drone  
  14  0:32  Drone x2  
  16  0:36  Drone  
  17  0:52  Hatchery  
  17  0:54  Drone  
  17  0:58  Drone  
  18  1:08  Extractor  
  17  1:12  Spawning Pool  
  17  1:16  Drone  
  17  1:20  Drone  
  18  1:28  Drone  
  19  1:40  Overlord  
  19  1:50  Drone  
  20  1:59  Queen  
  20  2:01  Zergling x2  
  23  2:04  Zergling x2, Queen  
  23  2:08  Metabolic Boost  
  26  2:12  Drone  
  27  2:18  Drone  
  28  2:24  Drone  
  29  2:36  Drone  
  30  2:37  Hatchery  
  30  2:38  Drone  
  30  2:45  Baneling Nest  
  30  2:49  Drone  
  30  2:52  Zergling x4  
  30  2:57  Overlord  
  32  3:11  Overlord  
  30  3:15  Zergling x10  
  35  3:21  Zergling x6  
  35  3:26  Zergling x2  
  39  3:31  Queen  
  41  3:40  Baneling x4  
  41  3:42  Drone  
  41  3:43  Drone  
  41  3:44  Overlord  
  43  3:50  Baneling x2  
  43  3:54  Zergling x2  
  43  3:55  Drone x2  
  46  4:06  Drone x2  
  47  4:11  Drone x3  
  47  4:12  Drone  
  48  4:18  Overlord  
  48  4:19  Drone x2  
  48  4:20  Drone x2  
  52  4:32  Drone x4  
  52  4:37  Drone  
  52  4:38  Drone x2  
  58  4:43  Roach Warren, Extractor  
  58  4:44  Extractor  
  53  4:46  Drone x2  
  53  4:49  Evolution Chamber  
  53  4:51  Baneling x2  
  54  4:53  Drone x4  
  54  4:57  Drone x2  
  60  5:00  Zergling x2  
  60  5:05  Baneling  
  61  5:08  Zergling x4  
  61  5:13  Overlord  
  62  5:15  Zergling x2  
  62  5:16  Zergling x4  
  65  5:25  Drone x2  
  65  5:26  Drone  
  68  5:30  Lair  
  68  5:33  Lair  
  68  5:34  Drone x4  
  72  5:38  Baneling x2  
  72  5:41  Drone x2  
  72  5:42  Drone x2  
  76  5:43  Extractor  
  76  5:45  Extractor  
  76  5:46  Extractor  
  76  5:49  Overlord  
  73  5:52  Overlord  
  73  5:53  Drone x6  
  79  5:59  Overlord  
  79  6:00  Overlord  
  79  6:11  Overlord  
  77  6:12  Roach x7  
  77  6:16  Roach x3  
  97  6:20  Roach x2  
  97  6:24  Roach  
  103  6:28  Glial Reconstitution  
  103  6:29  Overlord  
  103  6:31  Zerg Missile Weapons Level 1, Overlord  
  103  6:34  Roach x2  
  103  6:35  Drone  
  103  6:36  Drone  
  109  6:40  Drone  
  109  6:41  Drone  
  109  6:42  Ravager  
  112  6:48  Roach x4  
  112  6:51  Overlord  
  119  7:00  Overseer  
  118  7:03  Drone x4  
  118  7:05  Overlord  
  118  7:06  Roach  
  118  7:07  Roach x3, Pneumatized Carapace  
  125  7:16  Hatchery  
  125  7:19  Roach x2  
  125  7:21  Ravager x2  
  125  7:22  Ravager  
  131  7:27  Roach x2  
  131  7:28  Roach x2  
  139  7:31  Overlord  
  139  7:36  Roach  
  141  7:39  Roach x2  
  141  7:42  Overlord x3  
  145  7:44  Ravager  
  145  7:48  Overlord  
  146  7:53  Roach x2  
  146  7:54  Roach x2  
  154  8:00  Overlord  
  154  8:03  Roach x5  
  164  8:09  Roach  
  164  8:10  Roach x3  
  164  8:12  Spore Crawler  
  171  8:13  Spore Crawler  
  171  8:19  Spore Crawler  
  167  8:25  Spore Crawler  
  167  8:26  Spore Crawler  
  159  8:27  Drone x3, Hydralisk Den  
  159  8:29  Roach x2  
  162  8:35  Burrow  
  159  8:43  Spore Crawler  
  159  8:44  Roach x3  
  159  8:45  Roach x2  
  168  9:07  Overlord  
  168  9:09  Hydralisk x4  
  169  9:12  Hydralisk x2  
  169  9:15  Ravager  
  169  9:16  Hydralisk  
  180  9:18  Hydralisk  
  182  9:29  Roach x5  
  158  9:33  Ravager  

Tags
 
Add a new tag
Caveats
  • Supply blocks, unpowered buildings, or Contaminate may cause inaccurate times.
  • Supply counts are checked every 10 seconds.